 Dungeon Crawl Stone Soup version 0.28.0 (webtiles) character file.

Game seed: 13736936666106078952

7 Lathuz the Digger (level 2, 15/15 HPs)
             Began as a Gargoyle Earth Elementalist on Feb 9, 2022.
             Was a Plaything of Xom.
             Quit the game on level 1 of the Dungeon.
             The game lasted 00:01:11 (539 turns).

Lathuz the Digger (Gargoyle Earth Elementalist)      Turns: 539, Time: 00:01:12

Health: 15/15      AC:  4    Str: 11    XL:     2   Next: 0%
Magic:  5/5        EV: 11    Int: 15    God:    Xom [..*...]
Gold:   26         SH:  0    Dex: 10    Spells: 4/5 levels left

rFire   . . .      SeeInvis .   e - +0 hand axe
rCold   . . .      Faith    .   (no shield)
rNeg    + . .      Spirit   .   b - +0 robe
rPois   ∞          Reflect  .   (no helmet)
rElec   +          Harm     .   (no cloak)
rCorr   .          Rampage  .   (no gloves)
Will    .....                   (no boots)
Stlth   ++........              (no amulet)
HPRegen 0.05/turn               (no ring)
MPRegen 0.09/turn               (no ring)

@: no status effects
A: sickness immunity, AC +2, negative energy resistance 1, electricity
resistance, torment resistance 1, petrification resistance
a: Renounce Religion


You were on level 1 of the Dungeon.
You worshipped Xom.
You were a toy of Xom.
You visited 1 branch of the dungeon, and saw 1 of its levels.

You collected 26 gold pieces.

Inventory:

Hand Weapons
 e - a +0 hand axe (weapon)
Missiles
 s - 20 stones
Armour
 b - a +0 robe (worn)
Jewellery
 c - a ring of ice
Potions
 a - a potion of resistance {unknown}
 d - a potion of curing {unknown}


   Skills:
 - Level 1.5 Dodging
 - Level 2.1 Stealth
 * Level 2.3 Spellcasting
 - Level 0.7 Transmutations
 + Level 3.8 Earth Magic


You had 4 spell levels left.
You knew the following spells:

 Your Spells              Type           Power      Damage    Failure   Level
a - Sandblast             Erth           26%        2d8       4%          1

Your spell library contained the following spells:

 Spells                   Type           Power      Damage    Failure   Level
 Passwall                 Tmut/Erth      6%         N/A       13%         2
 Stone Arrow              Conj/Erth      14%        3d7       28%         3
 Petrify                  Tmut/Erth      8%         N/A       63%         4


Dungeon Overview and Level Annotations

Branches:
Dungeon (1/15)

Altars:
Xom


Innate Abilities, Weirdness & Mutations

You are immune to sickness and miasma.
Your stone body is resilient. (AC +2)
You are immune to poison.
You resist negative energy. (rN+)
You are resistant to electric shocks. (rElec)
You are resistant to unholy torment.
You are immune to petrification.


Message History

The blast of sand hits the quokka!
You kill the quokka!
You start resting.
Magic restored.
You start resting.
HP restored.
You now have 26 gold pieces (gained 16).
A giant cockroach comes into view.
Found a scroll labelled OJY TIWEPP.
Casting: Sandblast (safe; 4% risk of failure)
Confirm with . or Enter, or press ? or * to list all spells.
Aiming: Sandblast (safe; 4% risk of failure)
Press: ? - help, Shift-Dir - straight line, f - giant cockroach
Aim: a giant cockroach (79% to hit)
Casting: Sandblast (safe; 4% risk of failure)
Confirm with . or Enter, or press ? or * to list all spells.
Aiming: Sandblast (safe; 4% risk of failure)
Press: ? - help, Shift-Dir - straight line, f/p - giant cockroach
Aim: a giant cockroach (79% to hit)
The blast of sand hits the giant cockroach.
The giant cockroach is almost dead.
Casting: Sandblast (safe; 4% risk of failure)
Confirm with . or Enter, or press ? or * to list all spells.
Aiming: Sandblast (safe; 4% risk of failure)
Press: ? - help, Shift-Dir - straight line, f/p - giant cockroach
Aim: a giant cockroach (almost dead, 79% to hit)
The blast of sand hits the giant cockroach.
You kill the giant cockroach!
You have reached level 2!
You start resting.
Magic restored.
There is a faded altar of an unknown god here.
Okay, then.
You cannot tell which god this altar belongs to.
Convert to them anyway? [Y]es or [N]o only, please.
You cannot tell which god this altar belongs to.
Convert to them anyway?
Xom accepts your prayer! Xom welcomes you!
Xom is extremely interested.
Are you sure you want to abandon this character and quit the game? (Confirm with "yes".)

#.#....#...####.#.#####.
#.......................
#.>........#.##.#......#
#.......................
#....###................
#....#####.............#
###...........##.##.....?+
..............#...#......#
###.............@...######
....#.######..#...#.#
....[....# #..##.##.#
#####.##.# #. ... .#
#.##.# # .#. #. #...#
#.##.# .. .. #...# #.##.#
#. .. #...# #.##.######.
... #...# #........... .
#...#


There were no monsters in sight!

Vanquished Creatures
  A giant cockroach (D:1)
  3 quokkas (D:1)
  A frilled lizard (D:1)
  A rat (D:1)
6 creatures vanquished.

Notes
Turn   | Place    | Note
-------+----------+-------------------------------------------
     0 | D:1      | Lathuz the Gargoyle Earth Elementalist began the quest for
                  | the Orb.
     0 | D:1      | Reached XP level 1. HP: 10/10 MP: 3/3
   335 | D:1      | Found a faded altar of an unknown god.
   480 | D:1      | Reached XP level 2. HP: 15/15 MP: 0/5
   538 | D:1      | Prayed at the altar of an unknown god.
   538 | D:1      | Became a worshipper of The Xom-Meister
   539 | D:1      | Quit the game

Illustrated notes

Levels and vault maps discovered:
D:1:      psy_arrival_spokes, layout_basic, ebering_ecumenical_altar_box,
          serial_shops, shop, dk_noncrumbling_3

Action                   || total
-------------------------++-------
Melee: Unarmed           ||    16
       Hand axe          ||     2
 Cast: Sandblast         ||    10
Armor: Robe              ||     5
Dodge: Dodged            ||    16
